 Dungeon Crawl Stone Soup version 0.19-a0-1903-gead39cf (webtiles) character file.

10709 LORDOFBUTT the Cleaver (level 11, -22/97 HPs)
             Began as a Minotaur Fighter on Oct 20, 2016.
             Was an Initiate of Gozag.
             Killed from afar by haplo13's ghost (36 damage)
             ... with a bolt of negative energy
             ... on level 11 of the Dungeon on Oct 21, 2016.
             The game lasted 00:13:57 (8433 turns).

LORDOFBUTT the Cleaver (Minotaur Fighter)           Turns: 8433, Time: 00:13:57

Health: -22/97     AC: 12    Str: 21    XL:     11   Next: 39%
Magic:  1/13       EV: 12    Int:  5    God:    Gozag
Gold:   1319       SH: 11    Dex: 16    Spells: 2 memorised, 7 levels left

rFire  . . .     SeeInvis .     a - +1 war axe
rCold  . . .     Gourm    .     b - +0 scale mail
rNeg   . . .     Faith    .     c - +0 shield
rPois  .         Spirit   .     y - +1 hat
rElec  .         Reflect  .     (no cloak)
rCorr  .         Harm     .     N - +2 pair of gloves {Dex+3}
MR     .....                    (no boots)
Stlth  ..........               (no amulet)
                                e - +2 ring of evasion
                                (no ring)

@: heavily drained
A: retaliatory headbutt, horns 2
a: Potion Petition, Call Merchant, Bribe Branch, Renounce Religion


You were on level 11 of the Dungeon.
You worshipped Gozag.
Gozag was most pleased with you.
You were not hungry.

You visited 1 branch of the dungeon, and saw 11 of its levels.

You collected 1896 gold pieces.
You spent 519 gold pieces at shops.
You paid 58 gold pieces to Gozag.

Inventory:

Hand Weapons
 a - a +1 war axe (weapon)
Armour
 b - a +0 scale mail (worn)
 c - a +0 shield (worn)
 y - a +1 hat (worn)
 N - a +2 pair of gloves of dexterity (worn)
Jewellery
 e - a +2 ring of evasion (right hand)
 p - an uncursed ring of resist corrosion
Wands
 m - a wand of lightning (8/15)
 t - a wand of acid (15/15)
 z - a wand of acid (1/15)
 D - a wand of random effects (32/48)
 F - a wand of disintegration (16/24)
 H - a wand of flame (24/48)
 I - a wand of paralysis (10/24)
Scrolls
 d - 6 scrolls of remove curse
 h - 4 scrolls of blinking
 k - 2 scrolls of magic mapping
 n - a scroll of enchant armour
 s - 2 scrolls of noise
 x - 3 scrolls of teleportation
 A - 3 scrolls of fear
 B - 2 scrolls of amnesia
Potions
 g - 2 potions of cancellation
 i - 4 potions of curing
 j - 2 potions of resistance
 r - 3 potions of lignification
 u - a potion of cure mutation
 C - a potion of mutation {unknown}
 E - a potion of magic
 G - 2 potions of heal wounds
 K - a potion of flight
 M - a potion of degeneration {unknown}
Books
 l - a book of Power

   Spells                             Type                      Level
   a - Fulminant Prism                Conjuration/Hexes            4
   b - Iskenderun's Mystic Blast      Conjuration                  4
   c - Venom Bolt                     Conjuration/Poison           5
   d - Bolt of Magma                  Conjuration/Fire/Earth       5
   e - Iron Shot                      Conjuration/Earth            6
   f - Orb of Destruction             Conjuration                  7
   g - Spellforged Servitor           Conjuration/Summoning        7
 J - a book of Minor Magic

   Spells                             Type                      Level
   a - Magic Dart                     Conjuration                  1
   b - Blink                          Translocation                2
   c - Call Imp                       Summoning                    2
   d - Repel Missiles                 Charms/Air                   2
   e - Slow                           Hexes                        2
   f - Conjure Flame                  Conjuration/Fire             3
   g - Mephitic Cloud                 Conjuration/Poison/Air       3
 L - a book of Maledictions

   Spells                             Type                      Level
   a - Corona                         Hexes                        1
   b - Ensorcelled Hibernation        Hexes/Ice                    2
   c - Confuse                        Hexes                        3
   d - Tukima's Dance                 Hexes                        3
   e - Dazzling Spray                 Conjuration/Hexes            3
Comestibles
 f - a royal jelly
 o - 2 meat rations
 v - 6 bread rations
 w - a fruit


   Skills:
 + Level 9.0(7.4) Fighting
 + Level 12.5(10.7) Axes
 + Level 8.7(7.0) Armour
 - Level 4.7(3.2) Dodging
 + Level 2.4(1.0) Stealth
 - Level 9.5(7.9) Shields
 + Level 1.0(0.0) Spellcasting
 + Level 1.0(0.0) Conjurations
 + Level 1.1(0.0) Translocations
 * Level 5.0(3.5) Evocations


You had 7 spell levels left.
You knew the following spells:

 Your Spells              Type           Power        Failure   Level  Hunger
a - Blink                 Tloc           N/A          100%        2    ###....
b - Mephitic Cloud        Conj/Pois/Air  #.......     100%        3    ####...


Dungeon Overview and Level Annotations

Branches:
Dungeon (11/15)            Temple (0/1) D:7            Lair (0/6) D:10
    Orc: D:9-12

Altars:
Ashenzari
Dithmenos
Fedhas
Gozag
Kikubaaqudgha
Okawaru
Qazlal
Sif Muna
Vehumet
Yredelemnul
Zin
The Shining One

Shops:
D:10 [:

Annotations:
D:11 haplo13's ghost, journeyman DrBe


Innate Abilities, Weirdness & Mutations

You reflexively headbutt those who attack you in melee.
You have a pair of horns on your head.


Message History

Okay, then.
Unknown command.
Evoke which item? (* to show all) (? for menu, Esc to quit)
Zapping:
F - a wand of disintegration (17/24)
Press: ? - help, Shift-Dir - straight line, f - haplo13's ghost
Aim: haplo13's ghost, wielding an antimagic weapon (moderately damaged, chance to defeat MR: 29%) Haplo13's ghost easily resists.
This wand has 16 charges left.
Haplo13's ghost hits you! Haplo13's ghost hits you!
You feel your power leaking away.
You see here a hand axe.
Haplo13's ghost whispers, "There is no future for you."
Haplo13's ghost breathes negative energy at you.
The bolt of negative energy hits you!
You feel drained.
* * * LOW HITPOINT WARNING * * *
Found a small steel ring.
Haplo13's ghost breathes negative energy at you.
The bolt of negative energy hits you!
You feel drained.
You die...
Your body crumbles into a pile of gold.

#######.####### #......#.#
...# #.#####.## ...# ##....#
#.# #.# .=.#.#.#...#
#.#####.########...#.#.#...#
#.#................#...?...#
#.#.###.#######............
#.#.# #.# #.#.........
#.#.###.### ##@## #..#..## #
#.........####...###......##.#
###.###.#.............#../..#
#.# #.######...###..#...(##
#.# #.# ##W## #..#..### #.#
#.# ###)####.......###
#.###.#####..................
#.............####..#########
############### #..#


You could see haplo13's ghost.

Vanquished Creatures
  Erica (D:8)
  Nergalle (D:11)
  Pikel (D:6)
  The ghost of Akrius the Cleaver, a novice HOMo of Beogh (D:6)
  3 hill giants (D:10)
  An elephant (D:10)
  A blink frog (D:10)
  Grinder (D:6)
  Sigmund (D:6)
  7 yaks
  A spriggan (D:7)
  2 hungry ghosts
  4 orc warriors
  An ice beast (D:8)
  5 sky beasts
  3 black bears
  8 ogres
  3 phantoms
  2 centaurs
  A crocodile (D:10)
  The ghost of DeathBlow the Conjurer, an amateur DECj (D:3)
  7 bullfrogs
  2 big kobolds
  4 scorpions
  4 killer bees (D:9)
  4 wights (D:9)
  A centaur zombie (D:5)
  A jelly (D:8)
  A quasit (D:7)
  5 crimson imps
  5 hounds
  2 centaur skeletons
  5 orc priests
  5 orc wizards
  2 bullfrog skeletons
  6 iguanas
  5 worker ants
  A hound zombie (D:10)
  A hound skeleton (D:4)
  A worker ant zombie (D:9)
  3 gnolls (D:3)
  14 adders
  3 shadow imps
  2 oozes
  2 adder zombies
  An adder skeleton (D:8)
  2 dart slugs
  7 leopard geckos
  20 orcs
  3 ball pythons
  6 bats
  7 giant cockroaches
  4 goblins
  12 hobgoblins
  8 jackals
  9 kobolds
  2 quokkas
  3 frilled lizards
  A jackal skeleton (D:9)
  A leopard gecko zombie (D:8)
  A quokka zombie (D:10)
  6 rats
228 creatures vanquished.

Vanquished Creatures (others)
  An ooze (D:6)
  An orc (D:6)
2 creatures vanquished.

Grand Total: 230 creatures vanquished

Notes
Turn   | Place    | Note
-------+----------+-------------------------------------------
     0 | D:1      | LORDOFBUTT the Minotaur Fighter began the quest for the Orb.
     0 | D:1      | Reached XP level 1. HP: 19/19 MP: 0/0
   160 | D:1      | Reached XP level 2. HP: 25/27 MP: 1/1
   757 | D:2      | Reached XP level 3. HP: 22/33 MP: 2/2
   854 | D:2      | Found a radiant altar of Vehumet.
   949 | D:2      | Reached skill level 3 in Axes
  1013 | D:2      | Reached XP level 4. HP: 31/40 MP: 3/3
  1304 | D:3      | Noticed DeathBlow's ghost (amateur DECj)
  1304 | D:3      | Found an iron altar of Okawaru.
  1317 | D:3      | Killed DeathBlow's ghost
  1317 | D:3      | Reached skill level 4 in Axes
  1317 | D:3      | Reached skill level 1 in Dodging
  1317 | D:3      | Reached skill level 5 in Shields
  1317 | D:3      | Reached XP level 5. HP: 12/47 MP: 4/4
  1959 | D:3      | Found an opulent altar of Gozag.
  1960 | D:3      | Found a glowing silver altar of Zin.
  1962 | D:3      | Reached XP level 6. HP: 53/53 MP: 5/5
  1984 | D:3      | Became a worshipper of Gozag Ym Sagoz the Greedy
  2150 | D:4      | Reached skill level 5 in Axes
  2260 | D:4      | Reached skill level 5 in Fighting
  2406 | D:4      | Reached XP level 7. HP: 34/61 MP: 6/6
  2799 | D:5      | Entered Level 5 of the Dungeon
  2804 | D:5      | Reached skill level 6 in Axes
  2986 | D:5      | Reached skill level 5 in Armour
  2998 | D:5      | Found a faded altar of an unknown god.
  2998 | D:5      | Found a faded altar of an unknown god.
  3003 | D:5      | Found a basalt altar of Yredelemnul.
  3005 | D:5      | Found a faded altar of an unknown god.
  3007 | D:5      | Found a faded altar of an unknown god.
  3039 | D:5      | Found an ancient bone altar of Kikubaaqudgha.
  3041 | D:5      | Found a blossoming altar of Fedhas.
  3450 | D:6      | Reached skill level 7 in Axes
  3469 | D:6      | Noticed Pikel
  3499 | D:6      | Killed Pikel
  3499 | D:6      | Reached skill level 8 in Axes
  3499 | D:6      | Reached skill level 1 in Stealth
  3499 | D:6      | Reached XP level 8. HP: 54/70 MP: 7/7
  3658 | D:6      | Noticed Akrius's ghost (novice HOMo)
  3902 | D:6      | Killed Akrius's ghost
  3902 | D:6      | Reached skill level 9 in Axes
  4250 | D:6      | Noticed Grinder
  4256 | D:6      | Reached XP level 9. HP: 65/78 MP: 8/8
  4263 | D:6      | Paralysed by Grinder for 7 turns
  4274 | D:6      | Killed Grinder
  4342 | D:6      | Noticed Sigmund
  4348 | D:6      | Killed Sigmund
  4573 | D:7      | Found a shadowy altar of Dithmenos.
  4786 | D:7      | Found a staircase to the Ecumenical Temple.
  4911 | D:7      | Reached skill level 10 in Axes
  5215 | D:8      | Reached skill level 1 in Evocations
  5697 | D:8      | Reached XP level 10. HP: 85/86 MP: 10/10
  5734 | D:8      | Reached skill level 11 in Axes
  5915 | D:8      | Found a stormy altar of Qazlal.
  5918 | D:8      | Noticed Erica
  5931 | D:8      | Killed Erica
  6459 | D:9      | Reached skill level 12 in Axes
  6899 | D:9      | Found a shattered altar of Ashenzari.
  6901 | D:9      | Found a glowing golden altar of the Shining One.
  7260 | D:9      | Found a deep blue altar of Sif Muna.
  7395 | D:10     | Entered Level 10 of the Dungeon
  7398 | D:10     | Noticed a hill giant
  7405 | D:10     | Killed a hill giant
  7405 | D:10     | Reached XP level 11. HP: 83/95 MP: 13/13
  7532 | D:10     | Found Awiosevo's Book Boutique.
  7542 | D:10     | Bought a book of Minor Magic for 240 gold pieces
  7546 | D:10     | Learned a level 2 spell: Blink
  7550 | D:10     | Learned a level 3 spell: Mephitic Cloud
  7637 | D:10     | Noticed a hill giant
  7640 | D:10     | Noticed a hill giant
  7643 | D:10     | Killed a hill giant
  7672 | D:10     | Killed a hill giant
  7704 | D:10     | Found Postracko's Armour Shop.
  7756 | D:10     | Bought a +2 pair of gloves of dexterity for 279 gold pieces
  7895 | D:10     | Found a staircase to the Lair.
  8199 | D:11     | Noticed Nergalle
  8221 | D:11     | Killed Nergalle
  8221 | D:11     | Reached skill level 1 in Spellcasting
  8221 | D:11     | Reached skill level 1 in Conjurations
  8221 | D:11     | Reached skill level 1 in Translocations
  8221 | D:11     | Reached skill level 5 in Evocations
  8388 | D:11     | Noticed haplo13's ghost (journeyman DrBe)
  8433 | D:11     | Killed from afar by haplo13's ghost

Vault maps used:
D:1:      lightli_arrival_noodles
D:2:      old_standard_altar
D:3:      grunt_temple_overflow_gold_and_silver, okawaru_gym_becter
D:4:      minmay_goblin_kobold_house
D:5:      grunt_temple_overflow_growth_and_decay,
          chequers_temple_overflow_minitemple, first_bread
D:6:      hex_medium, uniq_grinder, uniq_sigmund, uniq_pikel
D:7:      old_standard_altar, the_bakery
D:8:      grunt_qazlal_sundering, kennysheep_kite_vault, uniq_erica
D:9:      led_sif_pool, nicolae_overflow_hidden_temple
D:10:     david_lair_generic, serial_shops, shop, shop, nrook_mini_backslash
D:11:     zombieorc1_lemuel, uniq_nergalle

Skill      XL: |  1  2  3  4  5  6  7  8  9 10 11 |
---------------+----------------------------------+-----
Shields        | 4 5 6 7 8 9 |  9.5
Armour         | 4 5 6 7 8 |  8.7
Fighting       | 4 5 6 7 8 9 |  9.0
Axes           | 3 4 5 8 9 10 12 | 12.5
Dodging        | 1 2 4 |  4.7
Stealth        | 1 2 |  2.4
Evocations     | 2 4 5 |  5.0
Spellcasting   | 1 |  1.0
Conjurations   | 1 |  1.0
Translocations | 1 |  1.1

Action                   |  1- 3 |  4- 6 |  7- 9 | 10-12 || total
-------------------------+-------+-------+-------+-------++-------
Melee: War axe           |    83 |   125 |   287 |   323 ||   818
       Headbutt          |    10 |    17 |    66 |    82 ||   175
Invok: Potion Petition   |       |     1 |       |       ||     1
Evoke: Wand              |       |       |       |     3 ||     3
  Use: Scroll            |       |     5 |    12 |     9 ||    26
       Potion            |       |     1 |     3 |       ||     4
 Stab: Distracted        |       |       |     1 |     2 ||     3
  Eat: Chunk             |       |     2 |       |       ||     2
       Fruit             |       |     2 |       |       ||     2
       Beef jerky        |       |     1 |     4 |     2 ||     7
       Bread ration      |       |     1 |       |     2 ||     3
       Meat ration       |       |       |     1 |       ||     1
Armor: Scale mail        |    55 |    52 |    79 |    68 ||   254
Dodge: Dodged            |    42 |    36 |   110 |   130 ||   318
Block: Shield            |    55 |    60 |   140 |   144 ||   399
